 Dungeon Crawl Stone Soup version 0.30-a0-34-gbe8da3892a (webtiles) character file.

Game seed: 12474508093999222254

854 Sobieck the Ruffian (level 7, -2/71 HPs)
             Began as a Troll Delver on Aug 27, 2022.
             Slain by a two-headed ogre
             ... wielding a +0 giant club
              (27 damage)
             ... on level 5 of the Dungeon.
             The game lasted 00:09:25 (4163 turns).

Sobieck the Ruffian (Troll Delver)                  Turns: 4163, Time: 00:09:25

Health: -2/71      AC:  6    Str: 26    XL:     7   Next: 70%
Magic:  6/6        EV:  9    Int:  6    God:
Gold:   141        SH:  0    Dex: 11    Spells: 6/6 levels left

rFire   . . .      SeeInvis +      - Unarmed
rCold   + . .      Faith    .    (no shield)
rNeg    . . .      Spirit   .    u - +0 troll leather armour
rPois   +          Reflect  .    (helmet restricted)
rElec   .          Harm     .    (no cloak)
rCorr   .          Rampage  .    (gloves unavailable)
Will    .....                    (boots unavailable)
Stlth   ++........               (no amulet)
HPRegen 1.81/turn                i - ring "Tonozeas" {rPois rC+ Str+3}
MPRegen 0.10/turn                D - ring of see invisible

@: no status effects
A: large, unfitting armour, claws 3, regeneration 1, shaggy fur 1, tough skin 1
a: no special abilities


You were on level 5 of the Dungeon.
You visited 1 branch of the dungeon, and saw 7 of its levels.

You collected 919 gold pieces.
You spent 778 gold pieces at shops.


Innate Abilities, Weirdness & Mutations

You are too large for most types of armour.
You have claws for hands.
Your natural rate of healing is unusually fast.
You are covered in fur. (AC +1)
You have tough skin. (AC +1)


   Skills:
 + Level 4.8 Fighting
 - Level 1.5 Dodging
 - Level 2.7 Stealth
 * Level 7.4 Unarmed Combat


You had 6 spell levels left.
You didn't know any spells.
Your spell library contained the following spells:

 Spells                   Type           Power      Damage    Failure   Level
 Beastly Appendage        Tmut           0%         N/A       50%         1
 Magic Dart               Conj           0%         1d3       50%         1
 Searing Ray              Conj           0%         2d4       65%         2
 Wereblood                Tmut           0%         N/A       65%         2
 Spider Form              Tmut/Pois      0%         N/A       86%         3
 Fulminant Prism          Conj/Hex       0%         3d6       99%         4

Inventory:

Hand Weapons
 b - a +0 arbalest {crossbow}
   (You found it on level 1 of the Dungeon)
 h - a +0 whip {mace}
   (You took it off an orc on level 7 of the Dungeon)
 j - a +0 dagger {short}
   (You took it off a goblin on level 3 of the Dungeon)
 l - a +0 whip {mace}
   (You took it off a kobold on level 3 of the Dungeon)
 n - a +0 sling
   (You took it off a goblin on level 3 of the Dungeon)
 F - a +0 short sword of draining {short}
   (You took it off a kobold on level 3 of the Dungeon)
 G - a +2 short sword of draining {short}
   (You found it on level 3 of the Dungeon)
 I - a +0 war axe of electrocution {axe}
   (You took it off an orc on level 4 of the Dungeon)
 N - a +1 whip of venom {mace}
   (You found it on level 5 of the Dungeon)
 W - a +2 flail of protection {mace}
   (You took it off an orc on level 6 of the Dungeon)
Missiles
 o - 52 stones {throwing}
 t - 14 poisoned darts {throwing}
 C - 2 boomerangs {throwing}
Armour
 a - a +0 robe
 u - a +0 troll leather armour (worn)
   (You bought it in a shop on level 1 of the Dungeon)
 H - a +0 robe
   (You took it off an orc wizard on level 4 of the Dungeon)
 L - a +0 robe
   (You took it off an orc wizard on level 4 of the Dungeon)
 R - a +0 robe
   (You found it on level 5 of the Dungeon)
 T - a +0 robe
   (You took it off an orc wizard on level 6 of the Dungeon)
 U - a +0 robe
   (You took it off an orc wizard on level 6 of the Dungeon)
Magical Staves
 q - a staff of death {!astaff}
   (You found it on level 1 of the Dungeon)
 P - a staff of air {!astaff}
   (You found it on level 5 of the Dungeon)
Jewellery
 i - the ring "Tonozeas" (left claw) {rPois rC+ Str+3}
   (You acquired it on level 1 of the Dungeon)

   [ring of protection from cold]

   Str:       It affects your strength (+3).
   rC:        It protects you from cold.
   rPois:     It protects you from poison.
 x - a ring of ice
   (You bought it in a shop on level 1 of the Dungeon)
 D - a ring of see invisible (right claw)
   (You bought it in a shop on level 1 of the Dungeon)
Wands
 f - a wand of digging (3)
 Q - a wand of paralysis (12)
   (You found it on level 5 of the Dungeon)
Scrolls
 c - 2 scrolls of magic mapping {!r}
 d - 3 scrolls of fear
 k - a scroll of fog
 m - a scroll of blinking {!r}
 r - 2 scrolls of noise {unknown}
 s - a scroll of butterflies {unknown}
 y - 2 scrolls of summoning {unknown}
 z - a scroll of brand weapon {unknown}
 J - a scroll of vulnerability {unknown}
 K - a scroll of teleportation {unknown}
 M - a scroll of enchant weapon {unknown}
 S - a scroll of identify {@r1}
 V - a scroll of enchant armour {unknown}
Potions
 e - 3 potions of haste {@q3}
 g - 4 potions of curing {@q1}
 p - a potion of mutation {!q}
 v - a potion of lignification {!q}
 w - a potion of magic
 A - 3 potions of might
 B - a potion of invisibility
 E - a potion of resistance
 O - a potion of attraction {unknown}

Dungeon Overview and Level Annotations

Branches:
Dungeon (7/15) Zot: 23132
 Temple: D:4-7

Altars:
Sif Muna
Zin

Shops:
D:1

=[***
#.......####....####.###.......
#.......# #....# #..#.........
#.......# #....# #..#.........
####'#### ########.......<.#..
#.##### #...#.#.....#. #.#...#
##.........#..# #.##..#
####..........#...
######.....#####.O..#........#...
....######......@####.......##.##
###.##......####....#.......##.##
# #.##.####.####..#.#..#..#.##...
###.##.# #.....#.........##......
.....#.# #..........##.#.#####..#
###..#.###.###.#.#.....#.# #.#.
#^.......###.#.#.....#.# ##..
#.##.).......#.##.##...# ##.
#.##.....#####.##.#....# ##


You could see a two-headed ogre.


Message History

Things that are here:
a +0 dagger {short}; a +0 dagger {short}; an orc corpse
V - a scroll labelled FEVEEFR NUYWK Unknown command.
You open the door.
A white imp comes into view.
Danger!
b - a +0 arbalest (weapon)
{crossbow} The white imp shouts!
You hear a shout!
You shoot a bolt. The bolt barely misses the white imp.
You shoot a bolt. The bolt barely misses the white imp.
You shoot a bolt. The bolt barely misses the white imp.
The white imp hits you but does no damage.
The white imp barely misses you.
You are now empty-clawed.
You claw the white imp!
You kill the white imp!
No target in view!
b - a +0 arbalest (weapon)
{crossbow}
There is an open door here.
You enter the shallow water.
Moving in this stuff is going to be slow.
An orc comes into view.
It is wielding a +2 flail of protection.
Danger!
You shoot a bolt. The bolt barely misses the orc.
You hear a shout!
An orc comes into view. It is wielding a +0 club.
You shoot a bolt. The bolt hits the orc!
You kill the orc!
You shoot a bolt. The bolt closely misses the orc.
You shoot a bolt. The bolt closely misses the orc.
The orc hits you with a +2 flail of protection.
You shoot a bolt. The bolt hits the orc.
The orc hits you but does no damage. x2
You are now empty-clawed.
You claw the orc!
You kill the orc!
No target in view!
b - a +0 arbalest (weapon)
{crossbow} You enter the shallow water.
Moving in this stuff is going to be slow.
W - a +2 flail of protection {mace} You see here an orc corpse.
Unknown command.
You enter the shallow water.
Moving in this stuff is going to be slow.
You enter the shallow water.
Moving in this stuff is going to be slow.
A jelly comes into view.
Danger!
You shoot a bolt. The bolt hits the jelly!
You hear an angry hiss.
A two-headed ogre comes into view. It is wielding two +0 giant clubs.
The jelly jiggles.
You shoot a bolt. The bolt barely misses the jelly.
An iguana comes into view.
Unknown command.
The jelly attacks as you move away! The jelly hits you but does no damage.
The two-headed ogre hits you with a +0 giant club!
The two-headed ogre barely misses you. The jelly barely misses you.
The jelly barely misses you. The jelly attacks as you move away!
The jelly closely misses you.
The two-headed ogre hits you with a +0 giant club.
The two-headed ogre hits you with a +0 giant club!
The jelly hits you but does no damage.
The two-headed ogre attacks as you move away!
The two-headed ogre barely misses you.
The two-headed ogre hits you with a +0 giant club!!
* * * LOW HITPOINT WARNING * * *
There is an open door here.
Unknown command.
There is a stone staircase leading up here.
Unknown command.
You climb upwards.
There is a stone staircase leading down here.
Unknown command.
You climb downwards.
There is a stone staircase leading up here.
Danger!
Unknown command.
You are now empty-clawed.
You climb upwards.
There is a stone staircase leading down here.
Unknown command.
You start resting.
Unknown command.
You climb downwards.
The two-headed ogre hits you with a +0 giant club! x2
There is a stone staircase leading up, spattered with blood here.
Danger!
The two-headed ogre hits you with a +0 giant club!!
* * * LOW HITPOINT WARNING * * *
The two-headed ogre hits you with a +0 giant club!
* * * LOW HITPOINT WARNING * * *
You climb upwards.
There is a stone staircase leading down here.
Unknown command.
You scratch the two-headed ogre.
You completely miss the two-headed ogre.
The two-headed ogre hits you with a +0 giant club!!
You die...

Skill      XL: |  1  2  3  4  5  6  7 |
---------------+----------------------+-----
Unarmed Combat | 3 4 5 6 7 |  7.4
Fighting       | 3 4 |  4.8
Dodging        | |  1.5
Stealth        | |  2.7

Action                   |  1- 3 |  4- 6 |  7- 9 || total
-------------------------+-------+-------+-------++-------
Melee: Unarmed           |    63 |    63 |    18 ||   144
       Punch             |     1 |     2 |       ||     3
 Fire: Sling             |    39 |       |       ||    39
       Arbalest          |    11 |    57 |    26 ||    94
  Use: Scroll            |     9 |     2 |       ||    11
 Stab: Sleeping          |     2 |       |       ||     2
       Distracted        |       |     1 |       ||     1
Armor: Robe              |     9 |       |       ||     9
       Troll leather arm |     3 |    29 |    14 ||    46
Dodge: Dodged            |    43 |    27 |    14 ||    84

Levels and vault maps discovered:
D:1:      dpeg_arrival_pits, layout_loops_ring, basic_ecumenical_altar,
          serial_shops, shop, nicolae_shop_hallway_stairs,
          nicolae_shop_waterfront, shop, nicolae_shop_statue_plus,
          corexii_corridor_pit, st_stairs_8, minmay_misc_feat_encased
D:2:      layout_basic, basic_altar, moated_statue, nicolae_hexahallways,
          nrook_campfire
D:3:      layout_loops_ring, minmay_misc_feat_four_crosses
D:4:      layout_basic
D:5:      layout_basic, mainiacjoe_overflow_brackets,
          nicolae_ossuary_entry_monument, minivault_26, skrybe_limestone_x
D:6:      layout_rooms, lemuel_doored_altar, kennysheep_diamond,
          nicolae_wooded_promenade, minmay_holes, chequers_serial_rivers_room_b,
          hangedman_abyss_or_decor_stabs, minivault_24
D:7:      layout_loops_corners, minmay_temple_entry_large_hall, enter_bailey_3

Notes
Turn   | Place    | Note
-------+----------+-------------------------------------------
     0 | D:5      | Sobieck the Troll Delver began the quest for the Orb.
     0 | D:5      | Reached XP level 1. HP: 22/22 MP: 0/0
   115 | D:3      | Reached XP level 2. HP: 24/29 MP: 1/1
   259 | D:2      | Reached skill level 3 in Unarmed Combat
   259 | D:2      | Reached XP level 3. HP: 36/36 MP: 2/2
   342 | D:1      | Found Eqypti's Armour Shoppe.
   414 | D:1      | Found Virubb's General Store.
   495 | D:1      | Found Qec Mewk's General Store.
   505 | D:1      | Bought a scroll of identify for 24 gold pieces
   528 | D:1      | Found Zuarol's Assorted Antiques.
   594 | D:1      | Bought a scroll of identify for 24 gold pieces
   594 | D:1      | Identified 2 scrolls of acquirement
   595 | D:1      | Acquired the ring "Tonozeas" {rPois rC+ Str+3}
   598 | D:1      | Acquired 594 gold pieces
   600 | D:1      | Bought a scroll of blinking for 90 gold pieces
   629 | D:1      | Bought a +0 troll leather armour for 210 gold pieces
   689 | D:1      | Bought a scroll of identify for 50 gold pieces
   689 | D:1      | Bought a wooden ring for 125 gold pieces
   689 | D:1      | Bought a scroll of identify for 50 gold pieces
   689 | D:1      | Bought a scroll labelled IBBAFE RADEN for 25 gold pieces
   773 | D:1      | Found a faded altar of an unknown god.
  1116 | D:1      | Found Juekhliof's Jewellery Shoppe.
  1158 | D:2      | Reached skill level 3 in Fighting
  1344 | D:2      | Reached XP level 4. HP: 45/45 MP: 3/3
  1516 | D:2      | You pick up a book of Changes and begin reading...
  1516 | D:2      | You add the spells Beastly Appendage, Wereblood and Spider
                  | Form to your library.
  1593 | D:1      | Bought a ring of see invisible for 180 gold pieces
  1651 | D:2      | Found a shimmering blue altar of Sif Muna.
  2080 | D:3      | Reached skill level 4 in Unarmed Combat
  2653 | D:4      | Reached XP level 5. HP: 52/53 MP: 4/4
  2786 | D:4      | You pick up a book of Conjurations {@e2} and begin
                  | reading...
  2786 | D:4      | You add the spells Magic Dart, Searing Ray and Fulminant
                  | Prism to your library.
  2916 | D:4      | You fall into a shaft and drop 1 floor!
  3281 | D:4      | Reached skill level 5 in Unarmed Combat
  3411 | D:5      | Noticed a phantom
  3426 | D:4      | Killed a phantom
  3427 | D:4      | Reached XP level 6. HP: 49/62 MP: 5/5
  3460 | D:5      | Reached skill level 4 in Fighting
  3602 | D:5      | Noticed an ice beast
  3614 | D:5      | Killed an ice beast
  3615 | D:5      | Reached skill level 6 in Unarmed Combat
  3678 | D:5      | Reached XP level 7. HP: 67/70 MP: 6/6
  3804 | D:5      | Found a glowing silver altar of Zin.
  4009 | D:6      | Reached skill level 7 in Unarmed Combat
  4131 | D:6      | Noticed a two-headed ogre
  4163 | D:5      | Slain by a two-headed ogre

Vanquished Creatures
  An ice beast (D:5)
  A black bear (D:6)
  2 phantoms
  A scorpion (D:5)
  3 hounds
  2 jellies
  2 orc priests
  4 orc wizards
  6 adders
  A white imp (D:6)
  An ufetubus (D:3)
  3 dart slugs
  14 orcs
  4 bats
  7 endoplasms
  3 giant cockroaches
  7 goblins
  5 hobgoblins
  2 jackals (D:5)
  7 kobolds
  2 quokkas
  8 ball pythons
  4 frilled lizards
  3 rats
93 creatures vanquished.

Table legend:
 A = Non-vault XP
 B = Vault XP
 C = Vault XP percentage of total XP
 D = Non-vault monster count
 E = Vault monster count
 F = Vault count percentage of total count
                 A         B        C        D         E       F
            +---------+---------+-------+---------+---------+-------
      Total |    1214 |       7 |   0.6 |      90 |       3 |   3.2
            +---------+---------+-------+---------+---------+-------
        D:1 |      29 |       4 |  12.1 |      17 |       2 |  10.5
        D:2 |      54 |       0 |   0.0 |      17 |       0 |   0.0
        D:3 |      52 |       0 |   0.0 |      19 |       0 |   0.0
        D:4 |     334 |       0 |   0.0 |      17 |       0 |   0.0
        D:5 |     487 |       0 |   0.0 |      12 |       0 |   0.0
        D:6 |     255 |       3 |   1.2 |       7 |       1 |  12.5
        D:7 |       3 |       0 |   0.0 |       1 |       0 |   0.0
            +---------+---------+-------+---------+---------+-------

Illustrated notes

Table legend:
 A = Kills in this place as a percentage of kills in entire the game.
 B = Kills by you in this place as a percentage of kills by you in the entire game.
 C = Kills by friends in this place as a percentage of kills by friends in the entire game.
 D = Other kills in this place as a percentage of other kills in the entire game.
 E = Experience gained in this place as a percentage of experience gained in the entire game.
 F = Experience gained in this place divided by the number of levels of this place that you have seen.
                   A       B       C       D       E      F
               +-------+-------+-------+-------+-------+----------------------
         Total | 100.0 | 100.0 |   N/A |   N/A | 100.0 | 174.4
       Dungeon | 100.0 | 100.0 |   N/A |   N/A | 100.0 | 174.4
               +-------+-------+-------+-------+-------+----------------------

Table legend: (Time is in decaauts)
 A = Elapsed time spent in this place.
 B = Non-inter-level travel time spent in this place.
 C = Inter-level travel time spent in this place.
 D = Time resting spent in this place.
 E = Time spent auto-exploring this place.
 F = Levels seen in this place.
 G = Mean time per level.
                   A        B        C        D        E       F      G
               +--------+--------+--------+--------+--------+-----+--------+
         Total |   4207 |   3892 |    315 |     11 |   3151 |   7 |  601.0 |
       Dungeon |   4207 |   3892 |    315 |     11 |   3151 |   7 |  601.0 |
               +--------+--------+--------+--------+--------+-----+--------+

Top non-repeatable levels by time:
     D:2: 899 daAuts
     D:4: 886 daAuts
     D:1: 852 daAuts
     D:3: 706 daAuts
     D:5: 684 daAuts
     D:6: 165 daAuts
     D:7: 12 daAuts
